 Dungeon Crawl Stone Soup version 0.21.1-1-g345015fe64 (webtiles) character file.

84 Naridas the Cudgeler (level 4, -3/35 HPs)
             Began as a Mummy Fighter on July 19, 2018.
             Slain by Natasha (5 damage)
             ... on level 1 of the Dungeon.
             The game lasted 00:05:33 (1800 turns).

Naridas the Cudgeler (Mummy Fighter)                Turns: 1800, Time: 00:05:34

Health: -3/35      AC:  8    Str: 20    XL:     4   Next: 24%
Magic:  4/4        EV:  5    Int:  7    God:
Gold:   71         SH:  8    Dex: 11    Spells: 3/3 levels left

rFire    x . .     SeeInvis .   a - +0 flail
rCold    + . .     Gourm    .   c - +0 shield
rNeg     + + +     Faith    .   e - +0 chain mail
rPois    ∞         Spirit   .   (no helmet)
rElec    .         Reflect  .   (no cloak)
rCorr    .         Harm     .   (no gloves)
MR       .....                  (no boots)
Stlth    ..........             (no amulet)
HPRegen  0.11/turn              (no ring)
MPRegen  0.09/turn              (no ring)

@: no status effects
A: no food or potions, fire vulnerability, cold resistance 1, negative energy
resistance 3, torment resistance, unbreathing
a: no special abilities


You were on level 1 of the Dungeon.
You were not hungry.

You visited 1 branch of the dungeon, and saw 2 of its levels.

You collected 71 gold pieces.

Inventory:

Hand Weapons
 a - a +0 flail (weapon)
Armour
 c - a +0 shield (worn)
 e - a +0 chain mail (worn)
Jewellery
 b - an uncursed ring of positive energy {unknown}
Scrolls
 d - a scroll of immolation {unknown}
 f - a scroll of fear {unknown}
 g - 2 scrolls of identify {unknown}
 h - a scroll of enchant armour {unknown}


   Skills:
 - Level 3.0 Fighting
 + Level 3.7 Maces & Flails
 - Level 2.4 Armour
 - Level 2.4 Shields


You had 3 spell levels left.
You didn't know any spells.

Dungeon Overview and Level Annotations

Branches:
Dungeon (2/15)

Altars:
Wu Jian

Annotations:
D:1 Natasha


Innate Abilities, Weirdness & Mutations

You do not eat or drink.
Your flesh is vulnerable to fire.
You are immune to poison.
Your flesh is cold resistant. (rC+)
You are immune to negative energy. (rN+++)
You are immune to unholy pain and torment.
You can survive without breathing.


Message History

Natasha closely misses you.
You closely miss Natasha.
Natasha is moderately wounded.
Natasha claws you.
You hit Natasha.
Natasha is heavily wounded.
Natasha claws you but does no damage.
You completely miss Natasha.
Natasha is heavily wounded.
Natasha claws you.
* * * LOW HITPOINT WARNING * * *
Natasha mumbles some strange words.
Natasha glows brightly for a moment.
Natasha casts a spell at you. The magic dart hits you!
* * * LOW HITPOINT WARNING * * *
You closely miss Natasha.
Natasha is heavily wounded.
Natasha claws you.
You die...

..............#.# #.##...#<#...##
#############.#.# #......###.....
#.......#.....#.# ###.#.⌠...⌠.#.#
#.#.....#.#####.#####.#.......#.#
#.##.#...........................
#.........#####.#####.....#.###.#
####.#..................#........
# #.#######..#.###############.#
# #............@...............#
###############..h.........######
#..........................#
#.##############...........# #.#
#........##...........# #.#
#.######.##...........# ..#
#.#....#.##...........#
######.....................#
............#.##...........#


You could see Natasha.

Vanquished Creatures
  Natasha (twice) (D:2 D:1)
  2 worms (D:2)
  4 dart slugs
  A leopard gecko (D:1)
  4 bats
  A goblin (D:1)
  4 hobgoblins (D:1)
  3 frilled lizards
  3 rats
24 creatures vanquished.

Notes
Turn   | Place    | Note
-------+----------+-------------------------------------------
     0 | D:1      | Naridas the Mummy Fighter began the quest for the Orb.
     0 | D:1      | Reached XP level 1. HP: 18/18 MP: 1/1
   127 | D:1      | Reached XP level 2. HP: 18/24 MP: 2/2
  1063 | D:2      | Reached XP level 3. HP: 7/29 MP: 3/3
  1320 | D:2      | Noticed Natasha
  1357 | D:2      | Killed Natasha
  1380 | D:2      | Noticed Natasha
  1587 | D:2      | Found an ornate altar of the Wu Jian Council.
  1632 | D:1      | Killed Natasha
  1632 | D:1      | Reached XP level 4. HP: 24/35 MP: 4/4
  1789 | D:1      | Noticed Natasha
  1800 | D:1      | Slain by Natasha

Skill      XL: |  1  2  3 |
---------------+----------+-----
Maces & Flails | 2 3 |  3.7
Fighting       | |  3.0
Armour         | |  2.4
Shields        | |  2.4

Action                   |  1- 3 |  4- 6 || total
-------------------------+-------+-------++-------
Melee: Flail             |   114 |    10 ||   124
Armor: Scale mail        |    11 |       ||    11
       Chain mail        |    60 |     2 ||    62
Dodge: Dodged            |    28 |     1 ||    29
Block: Shield            |    61 |       ||    61
